AoeStats
← ¬koJ

Lombardia

509007753Analyzed
3v3 RM · 8d ago on Sep 25, 2026· 71m 46s· 6 players
Game mode
Random Map
Map size
Normal (6 player)
Population
200
Speed
Normal
Resources
Standard
Victory
Conquest
Starting age
Dark Age
Ending age
Imperial Age
RankedLock teamsTeams togetherTeam positionsShared explorationLock speedFull tech treeHidden civsTurbo modeCheats
Victory
Defeat
🇧🇷 Saxons · Brazil
1058
+16
🇧🇷 Poles · Brazil
1051
+16
🇧🇷 Magyars · Brazil
1027
+17
🇮🇩 Japanese · Indonesia
1084
-18
🇲🇽 Teutons · Mexico
1068
-17
🇭🇰 Danes · Hong Kong SAR China
991
-14
Zulks
6:09 Loom
11:30 Feudal Age
18:32 Castle Age
18:38 Double-Bit Axe
19:39 Bow Saw
21:12 Horse Collar
25:04 Wheelbarrow
24:15 Town Watch
24:49 Scale Mail Armor
25:25 Pikeman
26:59 Squires
32:12 Gambesons
37:47 Imperial Age
35:02 Clerical Recruitment
37:03 Chain Mail Armor
36:59 Forging
37:39 Arson
37:15 Man-at-Arms
38:07 Shield Wall
40:12 Iron Casting
39:29 Fletching
40:03 Conscription
40:05 Elite Varangian Guard
42:35 Hand Cart
41:55 Long Swordsman
41:57 Halberdier
49:27 Plate Mail Armor
49:35 Hoardings
53:28 Bodkin Arrow
56:23 Herbal Medicine
59:25 Town Patrol
59:49 Thumb Ring
59:05 Cranequins
59:05 Heavy Mounted Crossbowman
59:47 Bracer
60:28 Redemption
65:14 Two-Handed Swordsman
66:20 Champion
68:31 Capped Ram
¬koJ
11:40 Feudal Age
12:42 Horse Collar
12:50 Double-Bit Axe
15:54 Loom
19:18 Castle Age
17:41 Scale Barding Armor
18:55 Forging
19:42 Bloodlines
21:13 Iron Casting
22:53 Bow Saw
23:12 Light Cavalry
23:54 Husbandry
28:01 Stone Mining
34:34 Scale Mail Armor
35:34 Chain Mail Armor
36:16 Wheelbarrow
37:18 Town Watch
38:33 Fletching
40:18 Bodkin Arrow
42:20 Hand Cart
43:57 Fervor
44:30 Chain Barding Armor
48:05 Imperial Age
46:52 Gold Mining
47:50 Heavy Plow
48:32 Stone Shaft Mining
48:37 Town Patrol
48:37 Winged Hussar
49:42 Conscription
49:44 Lechitic Legacy
51:11 Blast Furnace
51:55 Szlachta Privileges
53:11 Elite Obuch
54:25 Plate Mail Armor
54:26 Siege Engineers
55:23 Chemistry
55:11 Coinage
54:49 Caravan
62:19 Ballistics
62:00 Bracer
65:17 Crop Rotation
66:17 Hoardings
Nebrown#1 JUGGERNAUT
10:04 Loom
11:49 Feudal Age
14:42 Double-Bit Axe
17:26 Castle Age
15:23 Horse Collar
16:24 Gold Mining
16:25 Stone Mining
19:25 Bow Saw
19:54 Fletching
26:35 Wheelbarrow
27:52 Bodkin Arrow
28:22 Thumb Ring
28:58 Hand Cart
29:25 Padded Archer Armor
31:39 Leather Archer Armor
34:28 Imperial Age
32:27 Ballistics
32:15 Heavy Plow
32:59 Town Watch
34:01 Corvinian Army
34:08 Scale Barding Armor
35:26 Chain Barding Armor
35:12 Bracer
35:22 Town Patrol
35:54 Ring Archer Armor
36:05 Bloodlines
35:55 Husbandry
37:20 Two-Man Saw
36:47 Conscription
35:48 Elite Magyar Huszar
36:02 Heavy Cavalry Archer
37:32 Gold Shaft Mining
38:06 Chemistry
38:09 Parthian Tactics
41:49 Hoardings
42:35 Plate Barding Armor
42:21 Recurve Bow
43:43 Treadmill Crane
46:03 Masonry
45:49 Murder Holes
46:54 Siege Engineers
52:02 Cavalier
57:24 Caravan
59:06 Paladin
59:07 Light Cavalry
61:05 Herbal Medicine
61:30 Sanctity
62:16 Hussar
borraznajera
0:31 Loom
11:25 Feudal Age
12:57 Wheelbarrow
12:07 Town Watch
12:10 Double-Bit Axe
12:19 Gold Mining
14:49 Horse Collar
16:25 Scale Mail Armor
17:14 Scale Barding Armor
18:39 Bloodlines
20:11 Forging
25:42 Castle Age
24:27 Stone Mining
24:25 Arson
28:29 Stone Shaft Mining
28:25 Bow Saw
28:44 Chain Barding Armor
28:40 Chain Mail Armor
29:00 Iron Casting
28:49 Squires
28:34 Gambesons
29:15 Hand Cart
31:08 Town Patrol
34:09 Heavy Plow
42:49 Imperial Age
43:10 Heated Shot
43:40 Fervor
43:51 Sanctity
43:47 Block Printing
43:58 Illumination
43:55 Crenellations
43:56 Conscription
43:09 Sappers
44:42 Chemistry
43:06 Cavalier
45:01 Two-Man Saw
45:05 Ironclad
45:10 Ballistics
44:40 Guard Tower
45:37 Plate Barding Armor
45:33 Plate Mail Armor
46:04 Blast Furnace
44:30 Paladin
45:47 Guard Tower
46:11 Guilds
46:33 Coinage
46:06 Caravan
48:16 Banking
50:39 Crop Rotation
51:39 Elite Teutonic Knight
52:55 Hoardings
56:29 Padded Archer Armor
56:20 Fletching
60:33 Heavy Scorpion
60:34 Capped Ram
68:53 Masonry
68:49 Siege Engineers
69:20 Keep
68:56 Fortified Wall
Journey
9:22 Loom
11:07 Feudal Age
15:40 Castle Age
14:04 Double-Bit Axe
14:35 Horse Collar
19:26 Stone Mining
23:09 Bow Saw
23:13 Squires
24:17 Scale Mail Armor
26:20 Wheelbarrow
31:20 Chain Mail Armor
31:30 Arson
36:21 Imperial Age
33:38 Town Watch
35:38 Gold Mining
36:57 Forging
37:01 Gambesons
37:49 Conscription
37:47 Heavy Scorpion
38:39 Hamask
41:27 Elite Skirmisher
42:14 Thumb Ring
43:10 Gold Shaft Mining
42:29 Fletching
42:41 Padded Archer Armor
43:57 Cranequins
45:04 Bodkin Arrow
45:25 Leather Archer Armor
46:43 Caravan
47:03 Bracer
47:34 Ring Archer Armor
47:32 Ballistics
50:12 Chemistry
50:39 Iron Casting
50:35 Plate Mail Armor
49:55 Heavy Mounted Crossbowman
53:34 Pikeman
54:07 Halberdier
DekaJe
0:40 Loom
11:09 Feudal Age
16:32 Castle Age
15:43 Double-Bit Axe
16:19 Horse Collar
25:16 Heavy Plow
26:21 Bow Saw
30:05 Fletching
30:27 Town Watch
33:48 Wheelbarrow
38:08 Imperial Age
36:55 Forging
36:46 Scale Mail Armor
36:46 Padded Archer Armor
36:52 Scale Barding Armor
37:47 Man-at-Arms
37:47 Pikeman
38:28 Squires
38:14 Gambesons
38:16 Arson
38:37 Yasama
38:54 Chain Mail Armor
39:15 Iron Casting
38:36 Bodkin Arrow
38:56 Masonry
38:41 Murder Holes
38:42 Guard Tower
38:48 Murder Holes
38:36 Treadmill Crane
39:18 Ballistics
40:02 Hand Cart
41:18 Halberdier
41:18 Long Swordsman
42:07 Elite Samurai
43:07 Kataparuto
43:08 Conscription
43:35 Hoardings
45:05 Two-Man Saw
44:51 Keep
45:18 Chemistry
46:32 Plate Mail Armor
46:20 Fortified Wall
45:57 Arrowslits
46:23 Masonry
46:24 Elite Skirmisher
46:25 Crossbowman
47:37 Leather Archer Armor
48:22 Arbalester
49:08 Thumb Ring
49:29 Parthian Tactics
50:46 Heavy Scorpion
50:48 Onager
54:47 Capped Ram
57:12 Two-Handed Swordsman
58:21 Town Patrol
58:47 Husbandry
58:58 Bloodlines
58:08 Light Cavalry
58:09 Cavalier
59:27 Champion
60:38 Caravan
64:48 Chain Barding Armor
65:41 Blast Furnace
65:13 Ring Archer Armor
64:44 Bracer
64:53 Siege Engineers
Connection lost

Rejoining the realm…

Still unreachable

The connection could not be restored.

Session expired

The server has moved on; the page needs a fresh start.